 Dungeon Crawl Stone Soup version 0.31-a0-4-gefa6de2278 (webtiles) character file.

Game seed: 10120799241023075091

122 cheesebisquit the Chiller (level 5, -17/52 HPs)
             Began as a Merfolk Ice Elementalist on May 3, 2023.
             Demolished by an ogre
             ... wielding a +0 giant spiked club
              (23 damage)
             ... on level 3 of the Dungeon.
             The game lasted 00:08:08 (2358 turns).

cheesebisquit the Chiller (MfIE)                    Turns: 2358, Time: 00:08:09

Health: -17/52     AC: 22    Str:  8    XL:     5   Next: 6%
Magic:  8/8        EV:  2    Int: 17    God:
Gold:   131        SH:  0    Dex: 14    Spells: 1/8 levels left

rFire   . . .        (no weapon)
rCold   . . .        (no shield)
rNeg    + . .        w - melded +1 leather armour {rF+}
rPois   +            (helmet currently unavailable)
rElec   .            l - melded +0 cloak
rCorr   .            h - melded +0 pair of gloves
SInv    .            (boots currently unavailable)
Will    .....        (no amulet)
Stlth   +            r - ring of flight
HPRegen 0.28/turn    s - ring of Abuon {rN+ Slay+2}
MPRegen 0.11/turn

%: no passive effects
@: confused, tree-form, hasted, very quick
A: stationary, stasis, torment immunity, boosted hp, (nimble swimmer 2),
(mertail)
a: no special abilities


You were on level 3 of the Dungeon.
You were a tree.
You visited 1 branch of the dungeon, and saw 4 of its levels.

You collected 131 gold pieces.

Inventory:

Hand Weapons
 b - a +0 trident
 c - a +0 club
Missiles
 i - 12 poisoned darts
 y - 3 boomerangs
Armour
 a - a +0 robe
 h - a +0 pair of gloves (melded)
 l - a +0 cloak (melded)
 n - a +2 kite shield
 w - a +1 leather armour of fire resistance (melded)
Jewellery
 r - a ring of flight (left branch)
 s - the ring of Abuon (right branch) {rN+ Slay+2}
   (You found it on level 3 of the Dungeon)

   [ring of positive energy]

   Slay:      It affects your accuracy & damage with ranged weapons and melee
   (+2).
   rN:        It protects you from negative energy.
Wands
 v - a wand of polymorph (10)
Scrolls
 e - a scroll of poison {unknown}
 f - a scroll of summoning {unknown}
 j - 5 scrolls of identify {unknown}
 k - 2 scrolls of fear {unknown}
 m - a scroll of brand weapon {unknown}
 t - a scroll of blinking {unknown}
 u - a scroll of noise {unknown}
Potions
 d - 2 potions of lignification
 g - a potion of haste
 o - a potion of berserk rage {unknown}
 p - a potion of mutation {unknown}
 q - a potion of degeneration {unknown}
 x - a potion of invisibility {unknown}


   Skills:
 + Level 0.0 Fighting
 * Level 3.1 Polearms
 + Level 0.0 Armour
 + Level 2.7 Dodging
 - Level 2.1 Stealth
 + Level 2.0 Spellcasting
 + Level 6.1 Ice Magic


You had one spell level left.
You knew the following spells:

 Your Spells              Type           Power      Damage    Failure   Level
a - Freeze                Ice            88%        1d9       1%          1
b - Frozen Ramparts       Ice            44%        1d7       4%          3
c - Ozocubu's Armour      Ice            22%        N/A       4%          3

Your spell library contained the following spells:

 Spells                   Type           Power      Damage    Failure   Level
 Foxfire                  Conj/Fire      4%         2x1d4     19%         1
 Summon Ice Beast         Ice/Summ       12%        N/A       47%         4
 Tukima's Dance           Hex            1%         N/A       50%         3
 Passage of Golubria      Tloc           1%         N/A       88%         4
 Fireball                 Conj/Fire      0%         3d3       99%         5
 Yara's Violent Unravell  Hex/Tmut       0%         3d3       99%         5
 Plasma Beam              Fire/Air       0%         2x1d11    100%        6
 Starburst                Conj/Fire      0%         6d3       100%        6


Dungeon Overview and Level Annotations

Branches:
Dungeon (4/15)
 Temple: D:4-7

Altars:


Innate Abilities, Weirdness & Mutations

You are a tree.
Your roots penetrate the ground, keeping you stationary.
You cannot be teleported.
You are immune to unholy pain and torment.
Your maximum health is greatly increased.
Your equipment is partially melded.
((You are very nimble when in or above water. (Stealth+, EV+, Speed+++)))
((Your lower body shifts to a powerful aquatic tail in water.))


Message History

The orc wizard hits you but does no damage.
It was a potion of lignification.
You turn into a tree.
Your +0 cloak melds into your body.
Your +0 pair of gloves melds into your body.
Your +1 leather armour of fire resistance melds into your body.
You feel less resistant to fire.
Your roots penetrate the ground.
The ogre hits you but does no damage.
The orc wizard hits you but does no damage.
You are now empty-handed.
It was a potion of haste.
You feel yourself speed up.
The ogre hits you with a +0 giant spiked club.
The orc wizard hits you but does no damage.
You hit the orc wizard.
The orc wizard is almost dead.
The orc wizard casts a spell at you. You resist with some effort.
You barely miss the orc wizard.
The orc wizard is almost dead.
The ogre hits you with a +0 giant spiked club!
* * * LOW HITPOINT WARNING * * *
You barely miss the orc wizard.
The orc wizard is almost dead.
The orc wizard casts a spell at you.
You are confused.
You cannot move. (Use ctrl+direction or * direction to attack while stationary and confused.)
You swing at nothing.
The ogre hits you but does no damage.
The orc wizard hits you but does no damage.
You hit the ogre.
The ogre is moderately wounded.
You swing at nothing.
The orc wizard points at you and mumbles some strange words.
The magic dart hits you but does no damage.
The ogre hits you but does no damage.
You swing at nothing.
The orc wizard hits you but does no damage.
You barely miss the orc wizard.
The orc wizard is almost dead.
You swing at nothing.
The ogre hits you with a +0 giant spiked club!!
You die...

##...# #......
#<...# ##.#...#
#....###..#.#.#
#...........#.#
#.#+####.####.#
#.#...........#
#####...#####.#####
#oO...#.# #.#
#.♣...#.# #.#
#.......## #.#####
###.#....# #.....#
#.####.# #####.#
#.# #.##### #.#
####'####.....# #.#
#..........##.# #..
#..........##.##
###
#..........##..#


You could see an ogre and an orc wizard.

Vanquished Creatures
  Ijyb (D:3)
  4 adders
  3 worms (D:2)
  A dart slug (D:1)
  7 ball pythons
  3 endoplasms
  2 giant cockroaches
  2 hobgoblins
  4 quokkas (D:2)
  7 bats
  6 frilled lizards
  5 goblins
  4 kobolds (D:1)
  5 rats
54 creatures vanquished.

Notes
Turn   | Place    | Note
-------+----------+-------------------------------------------
     0 | D:1      | cheesebisquit the Merfolk Ice Elementalist began the quest
                  | for the Orb.
     0 | D:1      | Reached XP level 1. HP: 13/13 MP: 3/3
   149 | D:1      | Reached XP level 2. HP: 14/19 MP: 0/5
   344 | D:1      | Reached skill level 5 in Ice Magic
   835 | D:2      | Reached XP level 3. HP: 5/24 MP: 3/6
  1112 | D:2      | Reached skill level 1 in Polearms
  1289 | D:2      | Found a faded altar of an unknown god.
  1404 | D:2      | Reached XP level 4. HP: 27/30 MP: 2/7
  1879 | D:3      | Identified the ring of Abuon {rN+ Slay+2}
  1963 | D:3      | Reached skill level 6 in Ice Magic
  2098 | D:3      | Noticed Ijyb
  2109 | D:3      | Killed Ijyb
  2110 | D:3      | Reached XP level 5. HP: 35/35 MP: 8/8
  2136 | D:3      | Learned a level 3 spell: Frozen Ramparts
  2140 | D:3      | Learned a level 3 spell: Ozocubu's Armour
  2341 | D:4      | Noticed an ogre
  2358 | D:3      | Demolished by an ogre

Illustrated notes

Levels and vault maps discovered:
D:1:      dpeg_arrival_castle, layout_basic
D:2:      layout_basic, hellmonk_ecumenical_altar_pennies_from_heaven,
          minivault_25, grunt_ministairs_15, st_stairs_14
D:3:      layout_basic, uniq_ijyb
D:4:      layout_basic, mainiacjoe_overflow_alcove_1, minmay_misc_feat_tiny,
          uniq_robin, uniq_duvessa, uniq_blork_the_orc

Skill      XL: |  1  2  3  4 |
---------------+-------------+-----
Ice Magic      | 5 6 |  6.1
Polearms       | 1 3 |  3.1
Dodging        | |  2.7
Stealth        | |  2.1
Spellcasting   | |  2.0

Action                     |  1- 3 |  4- 6 || total
---------------------------+-------+-------++-------
  Melee: Unarmed           |    34 |     9 ||    43
         Club              |    60 |       ||    60
         Tailslap          |     3 |       ||     3
         Punch             |     2 |       ||     2
         Trident           |    11 |    19 ||    30
   Cast: Freeze            |    38 |    17 ||    55
    Use: Potion            |     1 |     2 ||     3
   Stab: Sleeping          |     4 |     6 ||    10
 Armour: Robe              |    43 |     2 ||    45
         Skin              |       |     8 ||     8
         Leather armour    |       |     1 ||     1
  Dodge: Dodged            |   107 |    12 ||   119

Table legend: (Time is in decaauts)
 A = Elapsed time spent in this place.
 B = Non-inter-level travel time spent in this place.
 C = Inter-level travel time spent in this place.
 D = Time resting spent in this place.
 E = Time spent auto-exploring this place.
 F = Levels seen in this place.
 G = Mean time per level.
                   A        B        C        D        E       F      G
               +--------+--------+--------+--------+--------+-----+--------+
         Total |   2352 |   2307 |     45 |      9 |   1754 |   4 |  588.0 |
       Dungeon |   2352 |   2307 |     45 |      9 |   1754 |   4 |  588.0 |
               +--------+--------+--------+--------+--------+-----+--------+

Top non-repeatable levels by time:
     D:2: 1046 daAuts
     D:1: 739 daAuts
     D:3: 562 daAuts
     D:4: 4 daAuts
